cohdb
Replays
Latest Replays
All Replays
Popular Replays
Top Player Replays
Match Explorer
How It Works
Community
CoH3 Stats
Reddit
Sign in to upload your games and track your stats! →
Sign in with Steam
Match 44444634
Unlisted
Match 44444634
Overview
Messages
Build Orders
End
Kradschützen Motorcycle Team
Panzergrenadier Squad
Selects Italian Infantry
Panzergrenadier Squad
Construct Light Support Kompanie
Panzerjäger Squad
Selects Defensive Operations
2.5-tonne Medical Truck
Assault Mechanized Group
Fire Support Elements
Flakvierling Half-track
Veteran Squad Leaders
Construct Panzerarmee Kommand
Panzer III L Medium Tank
Gwangju's Hero Chun Doo-gwang
DARK STORM
FooKilla
Nedish
0
0
Comments
sign in to comment!
No comments posted yet!